TOP OF THE 1ST |
Syracuse Chiefs batting - Pitching for Gwinnett Braves : RHP Dantae Elizondo
|
Pitching: RHP Dantae Elizondo
|
|
Batting: RHB Ke-yue Hong
|
0-0: Called Strike 0-1: Foul Ball, location: 2F 0-2: Strikes out swinging
|
Batting: RHB Danny Gerardo
|
0-0: Ball 1-0: Called Strike 1-1: Called Strike 1-2: Ball 2-2: Foul Ball, location: 2F 2-2: Foul Ball, location: 2F 2-2: Strikes out swinging
|
Batting: RHB Donovan Auclair
|
0-0: Ball 1-0: Ball 2-0: Swinging Strike 2-1: Foul Ball, location: 2F 2-2: Strikes out swinging, 2-3 out at first.
|
Top of the 1st over - 0 runs, 0 hits, 0 errors, 0 left on base; Syracuse 0 - Gwinnett 0 |
BOTTOM OF THE 1ST |
Gwinnett Braves batting - Pitching for Syracuse Chiefs : RHP Justin Ashton
|
Pitching: RHP Justin Ashton
|
|
Batting: RHB Josh Whitmore
|
0-0: Ball 1-0: Called Strike 1-1: Called Strike 1-2: Foul Ball, location: 2F 1-2: Ball 2-2: Ground out 3-1 (Groundball, 34, EV 105.0 MPH)
|
Batting: RHB Luis Revilla
|
0-0: Swinging Strike 0-1: Swinging Strike 0-2: Hit by Pitch
|
Batting: LHB Ricky Ayon
|
0-0: Called Strike 0-1: SINGLE (Line Drive, 89S, EV 102.5 MPH) Luis Revilla to second
|
Batting: RHB Jake Lang
|
0-0: Ball 1-0: Ball 2-0: Grounds into double play, 6-4-3 (Groundball, 6, EV 96.9 MPH)
|
Bottom of the 1st over - 0 runs, 1 hit, 0 errors, 1 left on base; Syracuse 0 - Gwinnett 0 |
TOP OF THE 2ND |
Syracuse Chiefs batting - Pitching for Gwinnett Braves : RHP Dantae Elizondo
|
Batting: RHB Ben Welt
|
0-0: Ball 1-0: Ball 2-0: Swinging Strike 2-1: Called Strike 2-2: Foul Ball, location: 2F 2-2: Foul Ball, location: 2F 2-2: Ball 3-2: Strikes out looking
|
Batting: RHB Niek de Haan
|
0-0: Foul Ball, location: 2F 0-1: Ball 1-1: SINGLE (Flyball, 56D, EV 96.9 MPH)
|
Batting: LHB Erik Beezley
|
0-0: Grounds out, U3 (Groundball, 3L, EV 84.4 MPH)
|
Batting: RHB Ryan Short
|
0-0: Swinging Strike 0-1: Swinging Strike 0-2: Strikes out swinging
|
Top of the 2nd over - 0 runs, 1 hit, 0 errors, 1 left on base; Syracuse 0 - Gwinnett 0 |
BOTTOM OF THE 2ND |
Gwinnett Braves batting - Pitching for Syracuse Chiefs : RHP Justin Ashton
|
Batting: LHB Jose Chinchilla
|
0-0: Ball 1-0: Called Strike 1-1: Ball 2-1: Foul Ball, location: 2F 2-2: Fly out, F7 (Line Drive, 7, EV 93.1 MPH)
|
Batting: RHB Jesse Lester
|
0-0: Ball 1-0: Ball 2-0: Ball 3-0: Base on Balls
|
Batting: RHB Ethan McCullough
|
0-0: Called Strike 0-1: Ball 1-1: Ball 2-1: Swinging Strike 2-2: Foul Ball, location: 2F 2-2: SINGLE (Groundball, 34D, EV 96.3 MPH) Jesse Lester to second Runner from 2nd tries for 3rd, SAFE, throw by RF made to third
|
Batting: RHB Angel Lescano
|
0-0: Fielders Choice at 2nd, 5-4 (Groundball, 5, EV 103.8 MPH) Jesse Lester scores
|
Batting: SHB Tim Rodgers
|
0-0: Called Strike 0-1: Ball 1-1: Ball 2-1: Ball 3-1: Fielders Choice at 2nd, 5-4 (Groundball, 56, EV 100.0 MPH)
|
Bottom of the 2nd over - 1 run, 1 hit, 0 errors, 1 left on base; Syracuse 0 - Gwinnett 1 |
TOP OF THE 3RD |
Syracuse Chiefs batting - Pitching for Gwinnett Braves : RHP Dantae Elizondo
|
Batting: RHB Brennan Cameron
|
0-0: Ball 1-0: SINGLE (Line Drive, 89M, EV 89.4 MPH)
|
Batting: RHB Ryota Tenno
|
0-0: Foul Ball, location: 2F 0-1: Foul Ball, location: 2F 0-2: Ball 1-2: Strikes out swinging
|
Batting: RHB Ke-yue Hong
|
0-0: Foul Ball, location: 2F 0-1: Called Strike 0-2: Foul Ball, location: 2F 0-2: Ball 1-2: Ball 2-2: Foul Ball, location: 2F 2-2: Ball 3-2: Strikes out looking
|
Batting: RHB Danny Gerardo
|
0-0: Ball 1-0: Foul Ball, location: 2F 1-1: Ball 2-1: Ball 3-1: Fly out, F7 (Flyball, 7LM, EV 96.9 MPH)
|
Top of the 3rd over - 0 runs, 1 hit, 0 errors, 1 left on base; Syracuse 0 - Gwinnett 1 |
BOTTOM OF THE 3RD |
Gwinnett Braves batting - Pitching for Syracuse Chiefs : RHP Justin Ashton
|
Batting: RHB Josh Whitmore
|
0-0: Ball 1-0: Ball 2-0: Called Strike 2-1: Ball 3-1: Foul Ball, location: 2F 3-2: Base on Balls
|
Batting: RHB Luis Revilla
|
0-0: Foul Ball, location: 2F 0-1: Ball 1-1: Called Strike 1-2: Foul Ball, location: 2F 1-2: SINGLE (Groundball, 4D, EV 107.5 MPH) Josh Whitmore to second Josh Whitmore to third
|
Batting: LHB Ricky Ayon
|
0-0: Called Strike 0-1: Swinging Strike 0-2: Ball 1-2: Ball 2-2: DOUBLE (Line Drive, 89D, EV 104.4 MPH) Josh Whitmore scores Luis Revilla to third
|
Batting: RHB Jake Lang
|
0-0: Called Strike 0-1: Ground out 6-3 (Groundball, 56D, EV 89.4 MPH) Luis Revilla scores
|
Batting: LHB Jose Chinchilla
|
0-0: DOUBLE (Flyball, 8RXD, EV 88.1 MPH) Ricky Ayon scores
|
Batting: RHB Jesse Lester
|
0-0: Ground out 3-1 (Groundball, 34S, EV 86.9 MPH) Jose Chinchilla to third
|
Batting: RHB Ethan McCullough
|
0-0: Ball 1-0: Ball 2-0: Ball 3-0: Base on Balls
|
Batting: RHB Angel Lescano
|
0-0: Foul Ball, location: 2F 0-1: SINGLE (Groundball, 25, EV 71.3 MPH) (infield hit) Jose Chinchilla scores Ethan McCullough to second
|
Batting: SHB Tim Rodgers
|
0-0: Ball 1-0: Swinging Strike 1-1: Fielders Choice at 2nd, 5-4 (Groundball, 5, EV 85.0 MPH)
|
Bottom of the 3rd over - 4 runs, 4 hits, 0 errors, 2 left on base; Syracuse 0 - Gwinnett 5 |
TOP OF THE 4TH |
Syracuse Chiefs batting - Pitching for Gwinnett Braves : RHP Dantae Elizondo
|
Batting: RHB Donovan Auclair
|
0-0: SINGLE (Line Drive, 9LS, EV 98.8 MPH)
|
Batting: RHB Ben Welt
|
0-0: Called Strike 0-1: Called Strike 0-2: Ball 1-2: SINGLE (Groundball, 34D, EV 98.1 MPH) Donovan Auclair to second Runner from 2nd tries for 3rd, SAFE, throw by RF made to third
|
Batting: RHB Niek de Haan
|
0-0: Called Strike 0-1: Ball 1-1: Ball 2-1: Called Strike 2-2: Fielders Choice at 2nd, 4-6 (Groundball, 4, EV 106.3 MPH) Donovan Auclair scores
|
Batting: LHB Erik Beezley
|
0-0: Ball 1-0: SINGLE (Line Drive, 6MD, EV 94.4 MPH) Niek de Haan to second Runner from 2nd tries for 3rd, OUT! 8-5
|
Batting: RHB Ryan Short
|
0-0: Called Strike 0-1: Ball 1-1: Fly out, F8 (Line Drive, 8LM, EV 90.6 MPH)
|
Top of the 4th over - 1 run, 3 hits, 0 errors, 1 left on base; Syracuse 1 - Gwinnett 5 |
BOTTOM OF THE 4TH |
Gwinnett Braves batting - Pitching for Syracuse Chiefs : RHP Justin Ashton
|
Batting: RHB Josh Whitmore
|
0-0: Ball 1-0: Called Strike 1-1: Ball 2-1: Ground out 3-1 (Groundball, 34S, EV 87.5 MPH)
|
Batting: RHB Luis Revilla
|
0-0: Ball 1-0: Ground out 4-3 (Groundball, 4, EV 110.0 MPH)
|
Batting: LHB Ricky Ayon
|
0-0: Ground out 4-3 (Groundball, 4S, EV 70.0 MPH)
|
Bottom of the 4th over - 0 runs, 0 hits, 0 errors, 0 left on base; Syracuse 1 - Gwinnett 5 |
TOP OF THE 5TH |
Syracuse Chiefs batting - Pitching for Gwinnett Braves : RHP Dantae Elizondo
|
Batting: RHB Brennan Cameron
|
0-0: Swinging Strike 0-1: Foul Ball, location: 2F 0-2: Ball 1-2: Ball 2-2: Strikes out swinging, 2-3 out at first.
|
Batting: RHB Ryota Tenno
|
0-0: Ball 1-0: Foul Ball, location: 2F 1-1: Swinging Strike 1-2: Foul Ball, location: 2F 1-2: SINGLE (Line Drive, 9S, EV 102.5 MPH)
|
Batting: RHB Ke-yue Hong
|
0-0: Called Strike Ryota Tenno steals 2nd base 0-1: Ball 1-1: Foul Ball, location: 2F 1-2: Strikes out swinging
|
Batting: RHB Danny Gerardo
|
0-0: SINGLE (Groundball, 56D, EV 96.3 MPH) Ryota Tenno to third Runner from 3rd tries for Home, SAFE, throw by LF to home Danny Gerardo to second
|
Batting: RHB Donovan Auclair
|
0-0: Ball 1-0: Ground out 4-3 (Groundball, 4M, EV 105.0 MPH)
|
Top of the 5th over - 1 run, 2 hits, 0 errors, 1 left on base; Syracuse 2 - Gwinnett 5 |
BOTTOM OF THE 5TH |
Gwinnett Braves batting - Pitching for Syracuse Chiefs : RHP Justin Ashton
|
Batting: RHB Jake Lang
|
0-0: Ball 1-0: Ball 2-0: Called Strike 2-1: Ground out 6-3 (Groundball, 6M, EV 88.8 MPH)
|
Batting: LHB Jose Chinchilla
|
0-0: Ball 1-0: Foul Ball, location: 2F 1-1: Ball 2-1: Ball 3-1: Reached on error, E5 (Groundball, 56, EV 86.9 MPH)
|
Batting: RHB Jesse Lester
|
0-0: Called Strike 0-1: Ball 1-1: Ball 2-1: Ball 3-1: Fly out, F4 (Popup, 3D, EV 58.8 MPH)
|
Batting: RHB Ethan McCullough
|
0-0: Ball 1-0: Fielders Choice at 2nd, 6-4 (Groundball, 56D, EV 91.9 MPH)
|
Bottom of the 5th over - 0 runs, 0 hits, 1 error, 1 left on base; Syracuse 2 - Gwinnett 5 |
TOP OF THE 6TH |
Syracuse Chiefs batting - Pitching for Gwinnett Braves : RHP Dantae Elizondo
|
Batting: RHB Ben Welt
|
0-0: Fly out, F8 (Flyball, 8LD, EV 91.9 MPH)
|
Batting: RHB Niek de Haan
|
0-0: Ground out 6-3 (Groundball, 6, EV 91.3 MPH)
|
Batting: LHB Erik Beezley
|
0-0: Ball 1-0: Foul Ball, location: 2F 1-1: Ball 2-1: Ground out 4-3 (Groundball, 4, EV 83.8 MPH)
|
Top of the 6th over - 0 runs, 0 hits, 0 errors, 0 left on base; Syracuse 2 - Gwinnett 5 |
BOTTOM OF THE 6TH |
Gwinnett Braves batting - Pitching for Syracuse Chiefs : RHP Justin Ashton
|
Pitching: RHP Daniel Humphrey
|
|
Batting: RHB Angel Lescano
|
0-0: Ball 1-0: Called Strike 1-1: Fly out, F7 (Flyball, 78S, EV 73.1 MPH)
|
Batting: SHB Tim Rodgers
|
0-0: Ball 1-0: Foul Ball, location: 2F 1-1: Foul Ball, location: 2F 1-2: Ball 2-2: Strikes out swinging
|
Batting: RHB Josh Whitmore
|
0-0: Swinging Strike 0-1: Ball 1-1: Ball 2-1: Foul Ball, location: 2F 2-2: Foul Ball, location: 2F 2-2: Ground out 5-3 (Groundball, 56S, EV 90.6 MPH)
|
Bottom of the 6th over - 0 runs, 0 hits, 0 errors, 0 left on base; Syracuse 2 - Gwinnett 5 |
TOP OF THE 7TH |
Syracuse Chiefs batting - Pitching for Gwinnett Braves : RHP Dantae Elizondo
|
Batting: RHB Ryan Short
|
0-0: Called Strike 0-1: SINGLE (Groundball, 6D, EV 100.6 MPH)
|
Batting: RHB Brennan Cameron
|
0-0: Ball 1-0: Called Strike 1-1: Ball 2-1: Foul Ball, location: 2F 2-2: Fly out, F8 (Flyball, 8LS, EV 90.6 MPH)
|
Batting: RHB Ryota Tenno
|
0-0: Ball Ryan Short steals 2nd base 1-0: Foul Ball, location: 2F 1-1: Swinging Strike 1-2: Strikes out looking
|
Batting: RHB Ke-yue Hong
|
0-0: Called Strike 0-1: Ball 1-1: Ball 2-1: Ball 3-1: Ground out 4-3 (Groundball, 4, EV 92.5 MPH)
|
Top of the 7th over - 0 runs, 1 hit, 0 errors, 1 left on base; Syracuse 2 - Gwinnett 5 |
BOTTOM OF THE 7TH |
Gwinnett Braves batting - Pitching for Syracuse Chiefs : RHP Daniel Humphrey
|
Batting: RHB Luis Revilla
|
0-0: Ball 1-0: Called Strike 1-1: Foul Ball, location: 2F 1-2: Ball 2-2: Ball 3-2: Base on Balls
|
Batting: LHB Ricky Ayon
|
0-0: SINGLE (Groundball, 25, EV 65.0 MPH) (infield hit) Luis Revilla to second
|
Batting: RHB Jake Lang
|
0-0: Ball 1-0: Grounds into double play, 3-6-3 (Groundball, 34, EV 86.3 MPH) Luis Revilla to third
|
Batting: LHB Jose Chinchilla
|
0-0: Ball 1-0: Ball 2-0: Ball 3-0: Called Strike 3-1: Ground out 3-1 (Groundball, 34, EV 84.4 MPH)
|
Bottom of the 7th over - 0 runs, 1 hit, 0 errors, 1 left on base; Syracuse 2 - Gwinnett 5 |
TOP OF THE 8TH |
Syracuse Chiefs batting - Pitching for Gwinnett Braves : RHP Dantae Elizondo
|
Pitching: RHP Will Patterson
|
|
Batting: RHB Danny Gerardo
|
0-0: Ground out 4-3 (Groundball, 4, EV 98.1 MPH)
|
Pinch Hitting: LHB Dana McDonald
|
0-0: Ball 1-0: Called Strike 1-1: Ball 2-1: Called Strike 2-2: Strikes out swinging
|
Batting: RHB Ben Welt
|
0-0: Ball 1-0: Called Strike 1-1: Swinging Strike 1-2: Ball 2-2: Strikes out swinging
|
Top of the 8th over - 0 runs, 0 hits, 0 errors, 0 left on base; Syracuse 2 - Gwinnett 5 |
BOTTOM OF THE 8TH |
Gwinnett Braves batting - Pitching for Syracuse Chiefs : RHP Daniel Humphrey
|
Pitching: LHP James Knapp
|
|
Now at 3B: Dana McDonald
|
|
Batting: RHB Jesse Lester
|
0-0: Called Strike 0-1: Ball 1-1: Ball 2-1: Ball 3-1: SINGLE (Groundball, 34D, EV 106.9 MPH)
|
Batting: RHB Ethan McCullough
|
0-0: Sac Bunt to 15 - play at first, batter OUT! 1-3 Jesse Lester to second
|
Batting: RHB Angel Lescano
|
0-0: Ball 1-0: Called Strike 1-1: Swinging Strike 1-2: Foul Ball, location: 2F 1-2: Fly out, F3 (Popup, 3F, EV 77.5 MPH)
|
Batting: SHB Tim Rodgers
|
0-0: Called Strike 0-1: Ball 1-1: Ball 2-1: Ball 3-1: Fly out, F9 (Flyball, 9S, EV 77.5 MPH)
|
Bottom of the 8th over - 0 runs, 1 hit, 0 errors, 1 left on base; Syracuse 2 - Gwinnett 5 |
TOP OF THE 9TH |
Syracuse Chiefs batting - Pitching for Gwinnett Braves : RHP Will Patterson
|
Batting: RHB Niek de Haan
|
0-0: Foul Ball, location: 2F 0-1: Called Strike 0-2: Ball 1-2: Strikes out swinging
|
Batting: LHB Erik Beezley
|
0-0: SINGLE (Groundball, 3S, EV 66.3 MPH) (infield hit)
|
Batting: RHB Ryan Short
|
Pickoff Throw to First - Out! 1-3 0-0: Called Strike 0-1: Swinging Strike 0-2: DOUBLE (Line Drive, 5D, EV 98.1 MPH)
|
Batting: RHB Brennan Cameron
|
0-0: Ground out 5-3 (Groundball, 5S, EV 65.0 MPH)
|
Top of the 9th over - 0 runs, 2 hits, 0 errors, 1 left on base; Syracuse 2 - Gwinnett 5 |
|